 Dungeon Crawl Stone Soup version 0.20-a0-1111-g4e342e6 (webtiles) character file.

260014 Rrauwl the Impaler (level 20, -3/174 HPs)
             Began as a Ghoul Fighter on May 5, 2017.
             Was the Champion of Okawaru.
             Slain by a vault warden
             ... wielding a +1 dire flail of protection
              (19 damage)
             ... on level 4 of the Vaults on May 6, 2017.
             The game lasted 03:31:15 (32243 turns).

Rrauwl the Impaler (Ghoul Fighter)                 Turns: 32243, Time: 03:31:16

Health: -3/174     AC: 25    Str: 28    XL:     20   Next: 33%
Magic:  17/25      EV: 15    Int:  6    God:    Okawaru [******]
Gold:   2031       SH:  0    Dex: 11    Spells: 11/19 levels left

rFire    + + +     SeeInvis +   a - +11 glaive of Ysoecw {freeze, Str+5 Stlth+}
rCold    + + +     Gourm    .   (shield currently unavailable)
rNeg     + + +     Faith    .   J - +2 chain mail {rC+}
rPois    ∞         Spirit   .   Q - +2 helmet {SInv}
rElec    +         Reflect  .   L - scarf of the Thistle {rElec rC+ Stlth-}
rCorr    .         Harm     .   m - +2 pair of gloves of a bazaar {rF+}
MR       +....                  H - +2 pair of boots {run}
Stlth    ..........             x - amulet of regeneration
Regen    0.0/turn               W - ring of protection from fire
MPRegen  0.2/turn               K - ring of protection from fire

@: heroism, finesse, marked, rotting, quick
A: rotting body, claws 1, carnivore 3, cold resistance 1, negative energy
resistance 3, inhibited regeneration, torment resistance, unbreathing
}: 1/15 runes: gossamer
a: Heroism, Finesse, Renounce Religion


You were on level 4 of the Vaults.
You worshipped Okawaru.
Okawaru was exalted by your worship.
You were not hungry.

You visited 6 branches of the dungeon, and saw 32 of its levels.
You visited 1 bazaar.
You also visited: Labyrinth, Ossuary and Ice Cave.

You collected 3488 gold pieces.
You spent 1457 gold pieces at shops.

Inventory:

Hand Weapons
 a - the +11 glaive of Ysoecw (weapon) {freeze, Str+5 Stlth+}
   (You found it on level 10 of the Dungeon)

   It has been specially enchanted to freeze those struck by it, causing extra
   injury to most foes and up to half again as much damage against particularly
   susceptible opponents.
   It can also slow down cold-blooded creatures.
   It affects your strength (+5).
   It makes you more stealthy.
 b - the +6 arbalest of the Moth {penet, MR+ MP-9 Int+3 Dex+2}
   (Okawaru gifted it to you on level 3 of the Spider Nest)

   Ammo fired by it will pass through the targets it hits, potentially hitting
   all targets in its path until it reaches maximum range.
   It affects your intelligence (+3).
   It affects your dexterity (+2).
   It affects your resistance to hostile enchantments.
   It affects your magic capacity (-9).
 c - a +2 demon trident of flaming
 q - a +4 hand crossbow of flaming
 B - the +3 arbalest of Okawaru's Fury {penet, rF+ rN+ Str+10 Dex-4}
   (You found it on level 1 of the Vaults)

   Ammo fired by it will pass through the targets it hits, potentially hitting
   all targets in its path until it reaches maximum range.
   It affects your strength (+10).
   It affects your dexterity (-4).
   It protects you from fire.
   It protects you from negative energy.
Missiles
 l - 864 bolts
Armour
 m - the +2 pair of gloves of a bazaar (worn) {rF+}
   (You bought it in a shop on level 1 of the Orcish Mines)

   It protects you from fire.
 z - +0 fire dragon scales
 H - a +2 pair of boots of running (worn)
 J - a +2 chain mail of cold resistance (worn)
 L - the scarf of the Thistle (worn) {rElec rC+ Stlth-}
   (Okawaru gifted it to you on level 4 of the Lair of Beasts)

   It protects you from cold.
   It insulates you from electricity.
   It makes you less stealthy.
 Q - a +2 helmet of see invisible (worn)
 S - +0 acid dragon scales
Jewellery
 x - an amulet of regeneration (around neck)
 D - an uncursed ring of flight
 K - a ring of protection from fire (right hand)
 W - a ring of protection from fire (left hand)
Wands
 d - a wand of lightning (15/15)
 j - a wand of disintegration (15/24)
 k - a wand of polymorph (16/24)
 n - a wand of acid (9/15)
 M - a wand of paralysis (21/24)
 N - a wand of confusion (29/48)
 R - a wand of confusion (26/48)
 U - a wand of paralysis (13/24)
 X - a wand of confusion (28/48)
Scrolls
 e - 6 scrolls of magic mapping
 f - a scroll of recharging
 g - 3 scrolls of blinking
 h - 7 scrolls of fear
 o - 12 scrolls of identify
 p - a scroll of enchant armour
 v - 3 scrolls of amnesia
 y - 2 scrolls of teleportation
 C - 11 scrolls of remove curse
 G - 3 scrolls of fog
 P - 3 scrolls of silence
Potions
 r - 6 potions of curing
 s - a potion of agility
 t - 5 potions of might
 u - a potion of brilliance
 F - a potion of cancellation
 I - 5 potions of ambrosia
 V - 3 potions of haste
 Y - 2 potions of flight
Books
 E - a book of Air

   Spells                             Type                      Level
   a - Shock                          Conjuration/Air              1
   b - Swiftness                      Charms/Air                   2
   c - Static Discharge               Conjuration/Air              3
   d - Airstrike                      Air                          4
   e - Lightning Bolt                 Conjuration/Air              5
Miscellaneous
 A - a fan of gales
Comestibles
 i - 19 royal jellies
 w - 18 chunks of flesh
 T - 2 meat rations


   Skills:
 - Level 14.0(19.0) Fighting
 - Level 20.0(25.0) Polearms
 + Level 16.4(21.4) Crossbows
 - Level 9.0(14.0) Armour
 - Level 9.0(14.0) Dodging
   Level 3.1(8.1) Shields
 - Level 9.0 Invocations
 - Level 7.0 Evocations


You had 11 spell levels left.
You knew the following spells:

 Your Spells              Type           Power        Failure   Level  Hunger
a - Blink                 Tloc           N/A          95%         2    ###....
b - Passwall              Tmut/Erth      #.........   95%         2    ###....
c - Apportation           Tloc           #.....       88%         1    ##.....
d - Summon Butterflies    Summ           #.......     88%         1    ##.....
e - Swiftness             Chrm/Air       #.......     95%         2    ###....


Dungeon Overview and Level Annotations

Branches:
Dungeon (15/15)            Temple (1/1) D:4            Lair (6/6) D:8
 Shoals (0/4) Lair:4       Spider (4/4) Lair:4        Slime (0/5) Lair:6
    Orc (2/2) D:12            Elf (0/3) Orc:2        Vaults (4/5) D:13
  Crypt (0/3) Vaults:3     Depths (0/5) D:15

Altars:
Ashenzari
Cheibriados
Dithmenos
Elyvilon
Fedhas
Gozag
Hepliaklqana
Kikubaaqudgha
Makhleb
Nemelex Xobeh
Okawaru
Qazlal
Ru
Sif Muna
Trog
Uskayaw
Vehumet
Wu Jian
Xom
Yredelemnul
Zin
The Shining One
Jiyva

Shops:
Orc:1 *[%!(   Orc:2 [=(:   Vaults:1 %

Annotations:
D:6 Prince Ribbit
Lair:3 exclusion: 2 oklob plants, Angani's ghost, journeyman FeBe


Innate Abilities, Weirdness & Mutations

Your body is rotting away.
You thrive on raw meat.
You are immune to poison.
You have sharp fingernails.
You are carnivorous and can eat meat at any time.
Your flesh is cold resistant. (rC+)
You are immune to negative energy. (rN+++)
You do not regenerate when monsters are visible.
You are immune to unholy pain and torment.
You can survive without breathing.


Message History

You eat one of the 20 chunks of flesh.
This raw flesh tastes great!
The ghoul claws you but does no damage. The ghoul completely misses you.
The orc knight roars a battlecry!
The orc goes into a battle-frenzy!
The vault guard blocks your attack.
The vault guard is moderately wounded.
The vault warden hits you with a dire flail of protection!
* * * LOW HITPOINT WARNING * * *
The vault guard hits you with a long sword of slicing!
* * * LOW HITPOINT WARNING * * *
x2 Unknown command.
Eat one of 19 chunks of flesh? (ye/n/q)
You eat one of the 19 chunks of flesh.
This raw flesh tastes great!
The ghoul claws you!!
* * * LOW HITPOINT WARNING * * *
The ghoul claws you but does no damage.
The ironheart preserver casts a spell.
The ironheart preserver begins to accept its allies' injuries.
The vault warden hits you with a dire flail of protection!!
You die...

................
......(..............
.......p......p......
########)##..........
.........#........
....(..c.# .....
.......cE#############
....(..Epepn.........#
.........#pp@.[#.....#
.........#.po..#.....#
####+#####...#####...#
.........#o..# #...#
........#.### ###)#
........#h.. #...# ....
#...#####[).# ...
#.....#.....#
........#.....#.....##.


You could see a ghoul, an ironheart preserver, a vault warden, 2 yaktaur
captains, a vault guard, an orc knight, 2 ironbrand convokers, 2 earth
elementals, a deep elf mage, a warg and an orc.

Vanquished Creatures
  Frederick (Vaults:4)
  Nikola (Spider:3)
  Jorgrun (Spider:3)
  A lich (Vaults:4)
  3 sphinxes
  Kirke (D:12)
  3 frost giants
  A deep elf sorcerer (Vaults:4)
  A fire giant (Vaults:2)
  4 ghost moths
  5 vault wardens
  4 emperor scorpions
  Aizul (Spider:1)
  5 ironheart preservers
  The ghost of M4edhros the Carver, a journeyman KoCK of Gozag (Orc:2)
  8 entropy weavers
  Nessos (D:13)
  A reaper (IceCv)
  2 stone giants
  2 spark wasps (Spider:4)
  An ettin (Vaults:2)
  A minotaur (Lab)
  5 yaktaur captains
  12 ogre magi
  7 vault guards
  2 fire dragons (Vaults:1)
  An ice dragon (Vaults:4)
  3 rakshasas
  5 great orbs of eyes (Vaults:2)
  2 hydras
  Fannar (D:12)
  28 two-headed ogres
  5 centaur warriors
  Erica (D:9)
  6 death knights
  A catoblepas (Lair:6)
  2 tengu warriors (D:15)
  3 orc high priests (Orc:2)
  The ghost of endorz the Basher, a novice GrFi of Cheibriados (D:8)
  9 slime creatures
  2 deep elf knights (Vaults:4)
  3 shadow wraiths
  2 flayed ghosts
  8 skeletal warriors
  2 glowing orange brains (Vaults:2)
  An unseen horror (shapeshifter) (Vaults:4)
  A deep troll (D:15)
  5 wizards
  6 unseen horrors
  12 ironbrand convokers
  3 phantasmal warriors
  3 deep elf archers
  A wolf spider zombie (D:15)
  23 orb spiders
  40 ugly things
  15 orc knights
  32 wolf spiders
  A manticore (shapeshifter) (D:14)
  7 cyclopes
  6 orc sorcerers
  5 deep elf magi
  A manticore (D:15)
  4 moths of wrath
  11 vault sentinels
  3 elephants (Lair:3)
  2 torpor snails
  3 ice statues
  12 spiny frogs
  2 gargoyles
  2 rime drakes
  8 komodo dragons
  28 yaktaurs
  A rime drake (shapeshifter) (Vaults:1)
  7 freezing wraiths
  5 ice devils (IceCv)
  A komodo dragon (shapeshifter) (D:13)
  8 demonic crawlers
  5 polar bears (Lair:6)
  A queen bee (D:9)
  42 jumping spiders
  A merfolk (Lair:4)
  18 hornets
  6 trolls
  3 meliai (Spider:1)
  13 hippogriffs
  16 blink frogs
  A dream sheep (Lair:6)
  A harpy skeleton (D:14)
  A shadow (D:12)
  21 tarantellas
  101 redbacks
  A centaur simulacrum (D:15)
  2 vampires
  13 spriggans (Lair:6)
  A tarantella (shapeshifter) (D:14)
  9 wraiths
  A hog (shapeshifter) (Vaults:3)
  A hog (D:12)
  42 yaks
  2 wyverns
  2 basilisks
  A fire bat (shapeshifter) (Vaults:4)
  21 humans (D:13)
  3 hungry ghosts
  7 vampire mosquitoes (D:14)
  13 water moccasins
  8 wargs
  5 acid dragons
  A soldier ant (D:13)
  36 orc warriors
  11 porcupines
  2 ice beasts
  4 black bears
  5 phantoms
  A hornet zombie (D:14)
  4 sky beasts
  A black bear (shapeshifter) (Vaults:1)
  2 eyes of draining
  An ettin simulacrum (Vaults:3)
  21 ogres
  18 centaurs
  13 boggarts
  47 wolves
  11 crocodiles
  Blork the orc (D:6)
  27 bullfrogs
  2 water moccasin zombies (Ossuary)
  A wyvern skeleton (D:14)
  4 scorpions
  2 human simulacra (Vaults:2)
  A water moccasin skeleton (D:10)
  20 killer bees
  An elf simulacrum (Vaults:2)
  6 wights
  6 howler monkeys
  A howler monkey (shapeshifter) (D:15)
  8 crimson imps
  3 centaur zombies
  A quasit (D:14)
  A hound (D:5)
  A bullfrog zombie (D:12)
  5 iguanas
  25 orc priests
  4 bullfrog skeletons
  6 centaur skeletons
  10 jellies
  23 orc wizards
  5 worker ants
  A big kobold zombie (Ossuary)
  A hound zombie (D:9)
  2 mummies (Ossuary)
  13 adders
  A shadow imp (D:9)
  8 white imps (IceCv)
  6 ufetubi (IceCv)
  An ooze (D:7)
  2 adder zombies (Ossuary)
  8 worms
  A dart slug (D:2)
  5 leopard geckos
  89 orcs
  6 giant cockroaches
  6 gnoll zombies (Ossuary)
  6 goblins
  6 hobgoblins
  15 jackals
  3 quokkas
  2 ball pythons
  9 bats
  6 frilled lizards
  3 hobgoblin zombies (Ossuary)
  5 kobolds
  6 kobold zombies (Ossuary)
  6 orc zombies (Ossuary)
  2 rats (D:3)
  A butterfly (Lair:5)
  3 fungi
1346 creatures vanquished.

Vanquished Creatures (others)
  2 jumping spiders
  A centaur (D:12)
  An orc wizard (Orc:1)
  2 white imps (IceCv)
  5 ufetubi (IceCv)
  6 fungi
  5 plants
22 creatures vanquished.

Grand Total: 1368 creatures vanquished

Notes
Turn   | Place    | Note
-------+----------+-------------------------------------------
     0 | D:1      | Rrauwl the Ghoul Fighter began the quest for the Orb.
     0 | D:1      | Reached XP level 1. HP: 19/19 MP: 0/0
   174 | D:1      | Reached XP level 2. HP: 26/26 MP: 1/1
   568 | D:2      | Reached skill level 2 in Polearms
   738 | D:2      | Reached XP level 3. HP: 33/33 MP: 2/2
  1265 | D:2      | Reached XP level 4. HP: 35/39 MP: 3/3
  1568 | D:3      | Reached skill level 1 in Dodging
  2045 | D:4      | Reached XP level 5. HP: 46/47 MP: 4/4
  2086 | D:4      | Reached skill level 3 in Polearms
  2115 | D:4      | Reached skill level 5 in Fighting
  2115 | D:4      | Reached XP level 6. HP: 44/56 MP: 5/5
  2484 | D:4      | Found a staircase to the Ecumenical Temple.
  2495 | Temple   | Entered the Ecumenical Temple
  2584 | Temple   | Became a worshipper of Warmaster Okawaru
  2698 | D:4      | Lost intelligence.
  3135 | D:5      | Entered Level 5 of the Dungeon
  3179 | D:5      | Found a sacrificial altar of Ru.
  3211 | D:5      | Got a dazzling leather armour
  3222 | D:5      | Identified the +1 leather armour "Duonuwna" {+Blink rN+ Str+3 Dex-4} (You found it on level 5 of the Dungeon)
  3447 | D:5      | Reached XP level 7. HP: 58/61 MP: 6/6
  3513 | D:5      | Reached skill level 4 in Polearms
  3513 | D:5      | Reached skill level 1 in Invocations
  3630 | D:5      | Reached * piety under Okawaru
  3797 | D:6      | Noticed Blork the orc
  3989 | D:6      | HP: 3/63 [something (5)]
  3991 | D:6      | Killed Blork the orc
  4119 | D:6      | Noticed Prince Ribbit
  4198 | D:6      | Found a hide-covered altar of Uskayaw.
  4198 | D:6      | Found a hazy altar of Hepliaklqana.
  4198 | D:6      | Found a white marble altar of Elyvilon.
  4198 | D:6      | Found a deep blue altar of Sif Muna.
  4304 | D:6      | Reached XP level 8. HP: 67/70 MP: 9/9
  4534 | D:7      | Noticed a two-headed ogre
  4645 | D:7      | Found a glowing golden altar of the Shining One.
  4762 | D:7      | Reached skill level 5 in Polearms
  4855 | D:7      | Found a sacrificial altar of Ru.
  4970 | D:7      | Reached ** piety under Okawaru
  4970 | D:7      | Reached skill level 1 in Evocations
  5061 | D:7      | Killed a two-headed ogre
  5061 | D:7      | Reached skill level 6 in Polearms
  5061 | D:7      | Reached XP level 9. HP: 16/81 MP: 3/11
  5478 | D:8      | Found a sand-covered staircase.
  5498 | Ossuary  | Entered an ossuary
  5730 | D:8      | Noticed a two-headed ogre
  5746 | D:8      | Noticed endorz's ghost (novice GrFi)
  5837 | D:8      | Reached skill level 5 in Armour
  5850 | D:8      | HP: 4/82 [endorz's ghost (2)]
  6008 | D:8      | Found a staircase to the Lair.
  6096 | D:8      | Killed a two-headed ogre
  6096 | D:8      | Reached *** piety under Okawaru
  6096 | D:8      | Reached skill level 7 in Polearms
  6096 | D:8      | Reached XP level 10. HP: 61/91 MP: 9/12
  6229 | D:8      | Noticed a two-headed ogre
  6240 | D:8      | Killed a two-headed ogre
  6347 | D:8      | Reached **** piety under Okawaru
  6475 | D:8      | Noticed an eight-headed hydra
  6497 | D:8      | Killed an eight-headed hydra
  6497 | D:8      | Reached skill level 10 in Fighting
  6497 | D:8      | Reached skill level 8 in Polearms
  6622 | D:8      | Noticed a two-headed ogre
  6654 | D:8      | Killed a two-headed ogre
  6654 | D:8      | Received a gift from Okawaru
  7079 | Lair:1   | Entered Level 1 of the Lair of Beasts
  7201 | Lair:1   | Reached ***** piety under Okawaru
  7201 | Lair:1   | Reached XP level 11. HP: 74/101 MP: 10/13
  7358 | Lair:1   | Reached skill level 9 in Polearms
  7481 | Lair:1   | Received a gift from Okawaru
  7507 | Lair:1   | Identified a +2 pair of boots of running (Okawaru gifted it to you on level 1 of the Lair of Beasts)
  8467 | Lair:2   | Reached skill level 10 in Polearms
  9257 | Lair:2   | Reached XP level 12. HP: 112/112 MP: 14/14
  9489 | Lair:2   | Received a gift from Okawaru
  9570 | Lair:3   | Found a labyrinth entrance.
  9609 | Lab      | Entered a labyrinth
 10041 | Lab      | Noticed a minotaur
 10053 | Lab      | Killed a minotaur
 10072 | Lab      | Identified the Papyrus of Air and Bewitchment
 10135 | Lair:3   | Noticed Angani's ghost (journeyman FeBe)
 10324 | Lair:3   | Reached skill level 11 in Polearms
 10935 | Lair:4   | Received a gift from Okawaru
 10961 | Lair:4   | Got a twisted scarf {god gift}
 10972 | Lair:4   | Identified the scarf of the Thistle {rElec rC+ Stlth-} (Okawaru gifted it to you on level 4 of the Lair of Beasts)
 11073 | Lair:4   | Found an ancient bone altar of Kikubaaqudgha.
 11153 | Lair:4   | Found a hole to the Spider Nest.
 11409 | Lair:4   | Reached skill level 12 in Polearms
 11427 | Lair:4   | Found a staircase to the Shoals.
 11913 | Lair:5   | Reached XP level 13. HP: 121/124 MP: 15/15
 12104 | Lair:5   | Got a brightly glowing ring mail
 12115 | Lair:5   | Identified the +2 ring mail of Tasuell {+Fly MR- Dex+6 Slay-3} (You found it on level 5 of the Lair of Beasts)
 12355 | Lair:6   | Entered Level 6 of the Lair of Beasts
 12364 | Lair:6   | Reached skill level 13 in Polearms
 12819 | Lair:6   | Reached skill level 14 in Polearms
 12957 | Lair:6   | Received a gift from Okawaru
 13315 | Lair:6   | Found a viscous altar of Jiyva.
 13315 | Lair:6   | Found a staircase to the Slime Pits.
 13697 | Lair:1   | Learned a level 2 spell: Blink
 13724 | D:8      | Killed endorz's ghost
 13766 | D:9      | Noticed Erica
 13771 | D:9      | Killed Erica
 13782 | D:9      | Reached skill level 15 in Polearms
 14170 | D:9      | Found a shadowy altar of Dithmenos.
 14237 | D:9      | Reached XP level 14. HP: 132/132 MP: 16/16
 14541 | D:10     | Entered Level 10 of the Dungeon
 14713 | D:10     | Got an ichor-stained glaive
 14714 | D:10     | Identified the +11 glaive of Ysoecw {freeze, Str+5 Stlth+} (You found it on level 10 of the Dungeon)
 14809 | D:10     | Found a glowing golden altar of the Shining One.
 15401 | D:11     | Reached skill level 16 in Polearms
 15526 | D:11     | Found a frozen archway.
 15530 | IceCv    | Entered an ice cave
 15847 | IceCv    | Noticed a reaper
 15867 | IceCv    | Killed a reaper
 16039 | D:11     | Reached ****** piety under Okawaru
 16039 | D:11     | Received a gift from Okawaru
 16924 | D:12     | Found a staircase to the Orcish Mines.
 17166 | D:12     | Noticed Kirke
 17186 | D:12     | Killed Kirke
 17211 | D:12     | Noticed Fannar
 17221 | D:12     | Killed Fannar
 17302 | D:12     | Reached skill level 17 in Polearms
 17909 | D:13     | Received a gift from Okawaru
 18049 | D:13     | Reached XP level 15. HP: 100/138 MP: 17/17
 18075 | D:13     | Found a gate to the Vaults.
 18334 | D:13     | Noticed Nessos
 18339 | D:13     | Killed Nessos
 18339 | D:13     | Reached skill level 18 in Polearms
 19356 | D:15     | Entered Level 15 of the Dungeon
 19493 | D:15     | Received a gift from Okawaru
 19494 | D:15     | Got a bloodstained spear {god gift}
 19495 | D:15     | Identified the +7 spear of Yfak {chaos, +Inv rF- Int+9} (Okawaru gifted it to you on level 15 of the Dungeon)
 19557 | D:15     | Reached skill level 19 in Polearms
 19678 | D:15     | Learned a level 2 spell: Passwall
 20057 | D:15     | Found a staircase to the Depths.
 20539 | D:14     | Received a gift from Okawaru
 20669 | Orc:1    | Entered Level 1 of the Orcish Mines
 20669 | Orc:1    | Found Vitaoc's Assorted Antiques.
 20669 | Orc:1    | Found Wysif Qixeym's Antique Armour Shop.
 20671 | Orc:1    | Reached XP level 16. HP: 146/146 MP: 18/18
 20679 | Orc:1    | Bought a pair of faintly humming gloves for 294 gold pieces
 20695 | Orc:1    | Identified the +2 pair of gloves of a bazaar {rF+} (You bought it in a shop on level 1 of the Orcish Mines)
 20833 | Orc:2    | Entered Level 2 of the Orcish Mines
 20919 | Orc:2    | Found a staircase to the Elven Halls.
 20919 | Orc:2    | Noticed M4edhros's ghost (journeyman KoCK)
 20941 | Orc:2    | Killed M4edhros's ghost
 21022 | Orc:2    | Found a gateway to a bazaar.
 21052 | Bazaar   | Entered a bazaar
 21073 | Bazaar   | Found Icry's Food Boutique.
 21087 | Bazaar   | Found Zapnam's Gadget Shop.
 21101 | Bazaar   | Found Ippab's Food Boutique.
 21115 | Bazaar   | Found Pyffarec's Assorted Antiques.
 21129 | Bazaar   | Found Ocock's Food Boutique.
 21143 | Bazaar   | Found Puwirak's Magic Scroll Shop.
 21151 | Bazaar   | Bought a scroll of enchant armour for 90 gold pieces
 21534 | Orc:2    | Reached skill level 20 in Polearms
 21571 | Orc:2    | Found Unnounge's Jewellery Emporium.
 21571 | Orc:2    | Found Viahi's Antique Armour Boutique.
 21577 | Orc:2    | Found Asinaso's Antique Weapon Boutique.
 21577 | Orc:2    | Found Giconk's Book Emporium.
 21588 | Orc:2    | Bought an uncursed ring of protection from fire for 250 gold pieces
 21588 | Orc:2    | Bought a cursed ring of loudness for 45 gold pieces
 21588 | Orc:2    | Bought an uncursed ring of protection from fire for 250 gold pieces
 21849 | Orc:1    | Found Ykhlig's Antique Weapon Emporium.
 21859 | Orc:1    | Bought a glowing demon trident for 360 gold pieces
 21953 | Orc:1    | Found Kentor's Distillery.
 21953 | Orc:1    | Found Tathresa's Food Boutique.
 21971 | Orc:1    | Bought a potion of might for 48 gold pieces
 21971 | Orc:1    | Bought a potion of haste for 120 gold pieces
 22290 | Spider:1 | Entered Level 1 of the Spider Nest
 22378 | Spider:1 | Reached skill level 5 in Dodging
 22461 | Spider:1 | Received a gift from Okawaru
 22720 | Spider:1 | Noticed Aizul
 22728 | Spider:1 | Killed Aizul
 23253 | Spider:1 | Learned a level 1 spell: Apportation
 23255 | Spider:1 | Learned a level 1 spell: Summon Butterflies
 23686 | Spider:1 | Received a gift from Okawaru
 24198 | Spider:2 | Reached skill level 5 in Invocations
 24202 | Spider:2 | Reached XP level 17. HP: 33/152 MP: 19/19
 24517 | Spider:3 | Noticed Jorgrun
 24546 | Spider:3 | Killed Jorgrun
 24553 | Spider:3 | Received a gift from Okawaru
 24731 | Spider:3 | Received a gift from Okawaru
 24734 | Spider:3 | Got a translucent arbalest {god gift}
 24735 | Spider:3 | Identified the +6 arbalest of the Moth {penet, MR+ MP-9 Int+3 Dex+2} (Okawaru gifted it to you on level 3 of the Spider Nest)
 24814 | Spider:3 | Reached skill level 1 in Crossbows
 24816 | Spider:3 | Noticed Nikola
 24824 | Spider:3 | Killed Nikola
 24828 | Spider:3 | Got a pair of warped gloves
 24879 | Spider:3 | Identified the -4 pair of gloves "Meerheat" {Dex+6} (You took it off Nikola on level 3 of the Spider Nest)
 25209 | Spider:4 | Entered Level 4 of the Spider Nest
 25512 | Spider:4 | Received a gift from Okawaru
 25675 | Spider:4 | Received a gift from Okawaru
 25677 | Spider:4 | Reached skill level 5 in Evocations
 25724 | Spider:4 | Reached skill level 5 in Crossbows
 26088 | Spider:4 | Got a polished halberd {god gift}
 26089 | Spider:4 | Identified the +10 halberd "Isod" {chop, Str+6} (Okawaru gifted it to you on level 4 of the Spider Nest)
 26121 | Spider:4 | Got a gossamer rune of Zot
 26272 | Spider:4 | Reached XP level 18. HP: 148/160 MP: 23/23
 27124 | Vaults:1 | Entered Level 1 of the Vaults
 27166 | Vaults:1 | Received a gift from Okawaru
 27362 | Vaults:1 | Found Cuosh's Food Shoppe.
 27741 | Vaults:1 | Received a gift from Okawaru
 28381 | Vaults:1 | Reached skill level 10 in Crossbows
 28465 | Vaults:1 | Got an ichor-stained arbalest
 28466 | Vaults:1 | Identified the cursed +3 arbalest of Okawaru's Fury {penet, rF+ rN+ Str+10 Dex-4} (You found it on level 1 of the Vaults)
 28528 | Vaults:2 | Learned a level 2 spell: Swiftness
 28639 | Vaults:2 | Received a gift from Okawaru
 28862 | Vaults:2 | Paralysed by a great orb of eyes for 2 turns
 29007 | Vaults:2 | Reached XP level 19. HP: 146/166 MP: 19/24
 29730 | Vaults:3 | Received a gift from Okawaru
 29903 | Vaults:3 | Received a gift from Okawaru
 30282 | Vaults:3 | Found a staircase to the Crypt.
 31184 | Vaults:4 | Reached skill level 15 in Crossbows
 31206 | Vaults:4 | Noticed Frederick
 31241 | Vaults:4 | Killed Frederick
 31468 | Vaults:4 | Reached XP level 20. HP: 121/173 MP: 18/25
 32108 | Vaults:4 | Paralysed by an ogre mage for 2 turns
 32227 | Vaults:4 | Received a gift from Okawaru
 32243 | Vaults:4 | Slain by a vault warden

Vault maps used:
D:1:      zelgadis_glass_arrival_small, hangedman_abyss_or_decor_lesser_grid
D:2:      kennysheep_another_room
D:3:      first_bread
D:4:      minmay_temple_entry_poolview
D:5:      overflow_temple_1_default
D:6:      chequers_temple_overflow_statue_of_worship, grunt_decor_clamped,
          uniq_blork_the_orc, uniq_prince_ribbit1
D:7:      tso_metal_star, nicolae_ru_great_annihilating_truth
D:8:      grunt_lair_entry_orc_guard_hut, serial_glass, glass_columns_b,
          glass_columns_a, nicolae_ossuary_entry_plus
D:9:      david_nohive_1, grunt_dithmenos_shadows, uniq_erica
D:10:     minmay_ruined_shrine
D:11:     portal_ice_cave_entry_pillars_1
D:12:     david_orc_4, uniq_kirke, uniq_fannar
D:13:     minmay_connected_triangles_in_corner, grunt_vaults_entry_tiered,
          uniq_nessos
D:14:     minmay_misc_feat_x, minmay_misc_feat_four_crosses
D:15:     hangedman_depths_entry_civil_slaughter, lemuel_flame_loot_1
Temple:   lightli_temple_of_artemis
Lair:2:   beast_lair_carwin_large_1
Lair:3:   lab_entry_generic, lemuel_fruit_fields, serial_bayou_shore_a,
          grunt_megastairs_3, serial_bayou_shore_b, minmay_lair_oklob_chamber
Lair:4:   elwin_shoals_entry_rooms, spider_nest_entry_web_field, basic_altar
Lair:5:   lemuel_fruit_fields
Lair:6:   minmay_lair_end_enchanted_forest, dpeg_slime_entry_enclosed_altar
Spider:1: spiders_nest_hornet_nest, uniq_aizul
Spider:3: uniq_jorgrun, uniq_nikola
Spider:4: grunt_spider_rune_parallel
Orc:1:    serial_shops, shop, shop, shop, nicolae_shop_overgrown_old_shop,
          nicolae_shop_behind_doors
Orc:2:    grunt_orc_tribal_feast, serial_shops, statue_bzr
Vaults:1: v_pattern_3, nicolae_vaults_big_ls, nicolae_vaults_yaktaur_gun_rack,
          v_misc_12, nicolae_vaults_three_branches,
          nicolae_vaults_little_squares_3, serial_shops,
          nicolae_shop_window_shopping
Vaults:2: vaults_mumra_hexcomb, vaults_mumra_minichess, v_alt_pattern_4,
          ontoclasm_vaults_chip, hangedman_vaults_corner, v_misc_16,
          vaults_room_glass_cross, vaults_mumra_lcd, v_misc_5,
          nicolae_vaults_triangles
Vaults:3: nicolae_vaults_stairing_the_circle, vaults_room_grid,
          vaults_room_pools, nicolae_vaults_angled_halls,
          ontoclasm_vaults_bender, v_misc_9, v_misc_1,
          vaults_room_stairs_pillars, hangedman_vaults_capsules,
          grunt_vaults_hallway_short, dummy_crypt_entry
Vaults:4: v_misc_24, st_smaller_cells, vaults_room_grunt_arrival_checkpoint,
          hangedman_vaults_impose, vaults_dpeg_ring, vaults_dpeg_encased_lava,
          dpeg_vaults_monster_box, serial_shops, shop_fountains, uniq_frederick
Lab:      labyrinth_spiral, nicolae_lab_plus, labyrinth_skeletal_remains,
          nicolae_lab_big_swirl
Bazaar:   bazaar_minmay_snake
Ossuary:  ossuary_tomb_2
IceCv:    ice_cave_small_demon

Skill      XL: |  1  2  3  4  5  6  7  8  9 10 11 12 13 14 15 16 17 18 19 20 |
---------------+-------------------------------------------------------------+-----
Polearms       | 2 3 4 6 7 8 10 12 15 17 19 20 | 20.0
Shields        | 3 |  3.1
Fighting       | 4 5 6 8 9 10 12 14 | 14.0
Armour         | 3 4 5 7 8 9 |  9.0
Dodging        | 1 2 3 9 |  9.0
Invocations    | 3 4 5 9 |  9.0
Evocations     | 1 6 7 |  7.0
Crossbows      | 6 11 15 16 | 16.4

Action                   |  1- 3 |  4- 6 |  7- 9 | 10-12 | 13-15 | 16-18 | 19-21 || total
-------------------------+-------+-------+-------+-------+-------+-------+-------++-------
Melee: Trident           |   126 |   306 |   411 |   687 |       |       |       ||  1530
       Glaive            |       |       |       |   224 |  1313 |  1303 |   598 ||  3438
 Fire: Arbalest          |       |       |       |       |       |    10 |    42 ||    52
 Cast: Passwall          |       |       |       |       |       |     3 |       ||     3
Invok: Heroism           |       |       |     5 |    17 |    20 |    23 |    10 ||    75
       Finesse           |       |       |       |       |     4 |     5 |     4 ||    13
Evoke: Wand              |       |     3 |    12 |    12 |     1 |       |       ||    28
  Use: Scroll            |       |    11 |     5 |    13 |     8 |    11 |     8 ||    56
       Potion            |       |     7 |    15 |     1 |       |     7 |     7 ||    37
 Stab: Invisible         |       |       |     1 |     4 |       |       |       ||     5
       Distracted        |       |       |       |       |     2 |       |     1 ||     3
  Eat: Chunk             |     5 |    13 |    30 |   121 |   107 |   176 |   104 ||   556
       Meat ration       |       |       |       |       |       |       |     2 ||     2
Armor: Scale mail        |    37 |   101 |    47 |       |       |       |       ||   185
       Plate armour      |       |       |    68 |   388 |   417 |       |       ||   873
       Chain mail        |       |       |       |       |   177 |   638 |   152 ||   967
       Skin              |       |       |       |       |       |     2 |       ||     2
Dodge: Dodged            |    33 |    80 |    77 |   243 |   426 |   630 |   232 ||  1721
Block: Shield            |    41 |   145 |   182 |   296 |       |       |       ||   664
       Reflection        |       |       |     1 |     2 |       |       |       ||     3
